 Dungeon Crawl Stone Soup version 0.31-a0-331-geda263fcf1 (webtiles) character file.

Game seed: 3892835382512836631

54 mopl the Changeling (level 3, -5/25 HPs)
             Began as an Octopode Shapeshifter on July 19, 2023.
             Slain by a gnoll
             ... wielding a +0 spear
              (9 damage)
             ... on level 2 of the Dungeon.
             The game lasted 00:01:23 (1337 turns).

mopl the Changeling (Octopode Shapeshifter)         Turns: 1337, Time: 00:01:24

Health: -5/25      AC:  1    Str: 20    XL:     3   Next: 91%
Magic:  3/3        EV: 13    Int: 10    God:
Gold:   92         SH:  0    Dex: 14    Spells: 2/2 levels left

rFire   . .          .
                       - Unarmed
rCold   . . .        (no shield)
rNeg    . . .        (helmet currently unavailable)
rPois   .            (no amulet)
rElec   .            c - +6 ring of strength
rCorr   .            q - ring of wizardry
SInv    .            (no ring)
Will    .....        (no ring)
Stlth   ++           (no ring)
HPRegen 0.24/turn    (no ring)
MPRegen 0.08/turn    (no ring)
                     (no ring)

%: wizardry (x1)
@: beast-form
A: beast (slay +2), almost no armour, amphibious, 8 rings, camouflage 1,
gelatinous body 1, (nimble swimmer 1), tentacles
a: Begin Untransformation


You were on level 2 of the Dungeon.
You were a hulking beast.
You visited 1 branch of the dungeon, and saw 2 of its levels.

You collected 92 gold pieces.

Inventory:

Missiles
 o - 6 curare-tipped darts (quivered)
Jewellery
 c - a +6 ring of strength (left tentacle)
 p - a ring of flight
 q - a ring of wizardry (right tentacle)
Talismans
 b - a beast talisman
 f - a maw talisman
Scrolls
 e - 2 scrolls of noise {unknown}
 g - 3 scrolls of teleportation {unknown}
 i - a scroll of fear {unknown}
 j - 2 scrolls of identify {unknown}
 k - a scroll of immolation {unknown}
 m - a scroll of enchant weapon {unknown}
Potions
 a - 2 potions of lignification {!q}
 d - a potion of magic {unknown}
 h - a potion of invisibility {unknown}
 l - a potion of heal wounds {unknown}
 n - a potion of brilliance {unknown}


   Skills:
 + Level 2.3 Fighting
 + Level 2.4 Dodging
 * Level 2.9 Unarmed Combat
 * Level 3.4 Shapeshifting


You had 2 spell levels left.
You didn't know any spells.
Your spell library contained the following spells:

 Spells                   Type           Power      Damage    Failure   Level
 Haunt                    Necr/Summ      0%         N/A       100%        7
 Borgnjor's Revivificati  Necr           0%         N/A       100%        8
 Death's Door             Necr           0%         N/A       100%        9


Dungeon Overview and Level Annotations

Branches:
Dungeon (2/15)

Altars:


Innate Abilities, Weirdness & Mutations

You are a hulking beast.
Your limbs bulge with bestial killing power. (Slay +2)
You cannot wear most types of armour.
You are amphibious.
You can wear up to eight rings at the same time.
Your skin changes colour to match your surroundings (Stealth+).
Your rubbery body absorbs attacks. (AC +1, EV +1)
((You are camouflaged when in or above water. (Stealth+)))
You have tentacles for arms and can constrict up to eight enemies at once.


Message History

No target in view!
No target in view!
No target in view!
No target in view!
No target in view!
No target in view!
No target in view!
No target in view!
No target in view!
No target in view!
q - a ring of wizardry No target in view!
No target in view!
No target in view!
No target in view!
q - a ring of wizardry (right tentacle) Unknown command.
HP restored.
You pick up a Necronomicon and begin reading...
You add the spells Haunt, Borgnjor's Revivification and Death's Door to your library.
A gnoll comes into view. It is wielding a +0 spear.
The gnoll shouts!
You hear a shout!
A gnoll comes into view. It is wielding a +0 spear.
A gnoll comes into view. It is wielding a +0 spear. x2
You see here 3 curare-tipped darts.
o - 6 curare-tipped darts (gained 3)
A kobold comes into view.
It is wielding a +1 short sword of draining.
The gnoll hits you with a +0 spear.
You barely miss the gnoll.
The gnoll shouts!
You grab the gnoll. You constrict the gnoll.
The gnoll hits you from afar with a +0 spear.
The gnoll hits you with a +0 spear!
You tentacle-slap the gnoll. x2
The gnoll is severely wounded.
You constrict the gnoll.
The gnoll hits you from afar with a +0 spear.
* * * LOW HITPOINT WARNING * * *
The gnoll hits you with a +0 spear!
You die...

###.##.###.#
#......# #.#
#.###..###.#
#.# #......#
#.###..#####
#......#
###.#.##
#.#.# #
#h#.# #
#g#.# #
#g#.# #
#.#.#
#######
#g#.#
......# #.#
..###.# #.#
#.# #.# #.#
#.#


You could see 3 gnolls.

Vanquished Creatures
  An adder (D:2)
  3 dart slugs
  An endoplasm (D:2)
  2 giant cockroaches
  5 goblins
  4 hobgoblins
  7 kobolds
  A quokka (D:1)
  A ball python (D:1)
  5 bats
  4 frilled lizards
  6 rats
40 creatures vanquished.

Notes
Turn   | Place    | Note
-------+----------+-------------------------------------------
     0 | D:1      | mopl the Octopode Shapeshifter began the quest for the Orb.
     0 | D:1      | Reached XP level 1. HP: 14/14 MP: 1/1
    67 | D:1      | Reached XP level 2. HP: 13/19 MP: 2/2
   781 | D:1      | Reached XP level 3. HP: 24/24 MP: 3/3
  1337 | D:2      | Slain by a gnoll

Illustrated notes

Levels and vault maps discovered:
D:1:      lemuel_arrival_river_ford, layout_basic, st_stairs_3,
          minmay_hedge_maze, chequers_serial_rivers_room_b
D:2:      layout_loops_ring

Action                     || total
---------------------------++-------
  Melee: Unarmed           ||    66
         Constrict         ||    13
         Tentacles         ||     9
         Punch             ||     2
   Stab: Sleeping          ||    12
 Armour: Skin              ||     8
  Dodge: Dodged            ||    40

Table legend: (Time is in decaauts)
 A = Elapsed time spent in this place.
 B = Non-inter-level travel time spent in this place.
 C = Inter-level travel time spent in this place.
 D = Time resting spent in this place.
 E = Time spent auto-exploring this place.
 F = Levels seen in this place.
 G = Mean time per level.
                   A        B        C        D        E       F      G
               +--------+--------+--------+--------+--------+-----+--------+
         Total |   1333 |   1283 |     50 |      0 |   1037 |   2 |  666.5 |
       Dungeon |   1333 |   1283 |     50 |      0 |   1037 |   2 |  666.5 |
               +--------+--------+--------+--------+--------+-----+--------+

Top non-repeatable levels by time:
     D:1: 1036 daAuts
     D:2: 296 daAuts
